 Dungeon Crawl Stone Soup version 0.31-a0-182-gc5ef74bbde (webtiles) character file.

Game seed: 5565633620913821471

34281 pokeman the Eclecticist (level 13, -4/70 HPs)
             Began as a Deep Elf Hedge Wizard on June 20, 2023.
             Was a High Priest of Vehumet.
             Shot with an arrow by a centaur warrior (12 damage)
             ... on level 15 of the Dungeon.
             The game lasted 00:38:42 (18724 turns).

pokeman the Eclecticist (Deep Elf Hedge Wizard)    Turns: 18724, Time: 00:38:42

Health: -4/70      AC: 10    Str:  7    XL:     13   Next: 41%
Magic:  21/45      EV: 20    Int: 25    God:    Vehumet [*****.]
Gold:   474        SH:  0    Dex: 20    Spells: 22/47 levels left

rFire   . . .        p - staff of conjuration
rCold   . . .        (no shield)
rNeg    . . .        L - +0 steam dragon scales
rPois   .            F - +1 hat {SInv}
rElec   .            y - +0 cloak
rCorr   .            (no gloves)
SInv    +            w - +1 pair of boots {rampage}
Will    +....        (no amulet)
Stlth   +++          m - ring of magical power
HPRegen 0.31/turn    u - +6 ring of dexterity
MPRegen 0.29/turn

%: rampage
@: studying Dodging
A: no striking features
a: Renounce Religion


You were on level 15 of the Dungeon.
You worshipped Vehumet.
Vehumet was extremely pleased with you.
You visited 2 branches of the dungeon, and saw 16 of its levels.

You collected 922 gold pieces.
You spent 448 gold pieces at shops.

Inventory:

Hand Weapons
 q - a +2 dagger of venom
Missiles
 e - 5 curare-tipped darts
 U - 3 throwing nets
Armour
 o - the +1 scale mail of Greed {rPois rN+ Stlth+}
   (You found it on level 13 of the Dungeon)

   rPois:     It protects you from poison.
   rN:        It protects you from negative energy.
   Stlth:     It makes you more stealthy.
 w - a +1 pair of boots of rampaging (worn)
 y - a +0 cloak (worn)
 F - a +1 hat of see invisible (worn)
 G - a +0 buckler
 L - +0 steam dragon scales (worn)
 X - a +2 robe of cold resistance
Magical Staves
 p - a staff of conjuration (weapon)
Jewellery
 b - a ring of protection from fire
 m - a ring of magical power (left hand)
 n - an amulet of guardian spirit
 u - a +6 ring of dexterity (right hand)
 A - a ring of protection from cold
 D - a ring of see invisible
 J - a ring of protection from fire
 V - a ring of flight
Wands
 i - a wand of mindburst (5)
 K - a wand of roots (18)
 N - a wand of polymorph (7)
Scrolls
 a - a scroll of vulnerability {unknown}
 c - a scroll of silence
 g - a scroll of enchant armour
 h - 2 scrolls of teleportation
 l - a scroll of immolation {unknown}
 x - 2 scrolls of identify
 C - a scroll of revelation
 E - a scroll of amnesia {unknown}
 H - 4 scrolls of blinking
 S - a scroll of brand weapon {unknown}
 Y - a scroll of acquirement {unknown}
Potions
 d - a potion of magic
 f - 2 potions of berserk rage {unknown}
 j - 5 potions of curing
 k - 5 potions of heal wounds
 r - 4 potions of mutation {unknown}
 s - 4 potions of brilliance {unknown}
 t - 2 potions of resistance {unknown}
 v - a potion of might {unknown}
 z - a potion of attraction {unknown}
 B - 2 potions of invisibility {unknown}
 M - a potion of lignification {unknown}
 P - a potion of haste
Miscellaneous
 I - a phial of floods


   Skills:
 - Level 4.0 Fighting
 - Level 4.3 Armour
 + Level 11.7 Dodging
 - Level 3.0 Stealth
 + Level 4.8 Shields
 * Level 17.5 Spellcasting
 + Level 10.5 Conjurations
 - Level 1.1 Summonings
 - Level 1.1 Translocations
 + Level 9.9 Fire Magic
 - Level 1.1 Air Magic
 + Level 7.9 Earth Magic
 - Level 1.2 Poison Magic
 - Level 1.0 Evocations


You had 22 spell levels left.
You knew the following spells:

 Your Spells              Type           Power      Damage    Failure   Level
a - Magic Dart            Conj           100%       1d8       1%          1
b - Mephitic Cloud        Conj/Pois/Air  60%        N/A       1%          3
c - Call Imp              Summ           54%        N/A       2%          2
d - Blink                 Tloc           54%        N/A       2%          2
e - Foxfire               Conj/Fire      100%       2x1d9     1%          1
f - Fireball              Conj/Fire      41%        3d17      1%          5
g - Iskenderun's Battles  Conj           84%        2d13      1%          5
h - Leda's Unmaking       Conj/Erth      40%        9d7       2%          6

Your spell library contained the following spells:

 Spells                   Type           Power      Damage    Failure   Level
 Plasma Beam              Fire/Air       24%        2x1d36    10%         6
 Sandblast                Erth           100%       2d20      1%          1
 Summon Small Mammal      Summ           100%       N/A       1%          1
 Inner Flame              Hex/Fire       46%        N/A       1%          3
 Flame Wave               Conj/Fire      83%        2d18      1%          4
 Sticky Flame             Conj/Fire      83%        2d9       1%          4
 Arcjolt                  Conj/Air       33%        1d43      1%          5
 Lee's Rapid Deconstruct  Erth           28%        3d15*     1%          5
 Slow                     Hex            84%        N/A       2%          1
 Cigotuvi's Dreadful Rot  Necr/Pois/Air  50%        N/A       2%          2
 Call Canine Familiar     Summ           27%        N/A       4%          3
 Vhi's Electric Charge    Tloc/Air       54%        N/A       4%          3
 Leda's Liquefaction      Hex/Erth       20%        N/A       4%          4
 Summon Guardian Golem    Hex/Summ       24%        N/A       5%          3
 Confusing Touch          Hex            21%        N/A       7%          3
 Vampiric Draining        Necr           21%        2d7       7%          3
 Orb of Destruction       Conj           42%        9d12      7%          7
 Conjure Ball Lightning   Conj/Air       33%        3x3d11    9%          6
 Manifold Assault         Tloc           27%        N/A       14%         4
 Summon Forest            Summ/Tloc      13%        N/A       38%         5
 Ignition                 Fire           32%        3d10      52%         8
 Eringya's Noxious Bog    Tmut/Pois      12%        N/A       54%         6
 Statue Form              Tmut/Erth      27%        N/A       56%         6
 Dispersal                Tloc           13%        N/A       92%         6
 Malign Gateway           Summ/Tloc      13%        N/A       100%        7
 Summon Hydra             Summ           13%        N/A       100%        7
 Disjunction              Tloc           13%        N/A       100%        8
 Maxwell's Capacitive Co  Air            13%        ∞         100%        8
 Summon Horrible Things   Summ           13%        N/A       100%        8


Dungeon Overview and Level Annotations

Branches:
Dungeon (15/15)            Temple (1/1) D:6            Lair (0/5) D:8
    Orc (0/2) D:9          Vaults (0/5) D:14
 Depths: D:15

Altars:
Ashenzari
Cheibriados
Dithmenos
Elyvilon
Fedhas
Gozag
Hepliaklqana
Kikubaaqudgha
Makhleb
Nemelex Xobeh
Okawaru
Qazlal
Ru
Sif Muna
Trog
Uskayaw
Vehumet
Wu Jian
Xom
Yredelemnul
Zin
The Shining One

Shops:
D:1 *   D:2 [   D:3 *   D:7 (   D:9 ?

Annotations:
D:4 2 runed translucent doors, zazu2006's ghost, amateur GnWn


Message History

The fireball engulfs the centaur warrior!!
The centaur warrior is heavily wounded.
The centaur warrior shoots an arrow.
The arrow hits you. The arrow freezes you.
Unknown command.
Casting: Fireball (mildly dangerous; 1% risk of failure)
Confirm with . or Enter, or press ? or * to list all spells.
You don't know that spell.
Aiming: Magic Dart (safe; 1% risk of failure)
Press: ? - help, Q - select action, (/) - cycle Shift-Dir - straight line, f/p - centaur warrior
Aim: a centaur warrior, wielding a +0 shortbow of freezing (heavily wounded, 100% to hit)
You feel a surge of power!
The magic dart hits the centaur warrior.
The centaur warrior is heavily wounded.
The centaur warrior shoots an arrow.
The arrow misses you.
The centaur warrior shoots an arrow.
The arrow hits you! The arrow freezes you.
Casting: Magic Dart (safe; 1% risk of failure)
Confirm with . or Enter, or press ? or * to list all spells.
Aiming: Mephitic Cloud (safe; 1% risk of failure)
Press: ? - help, Shift-Dir - straight line, f/p - centaur warrior
Aim: a centaur warrior, wielding a +0 shortbow of freezing (heavily wounded, chance to affect: 53%)
You feel a surge of power!
The ball explodes into a vile cloud!
The stinking cloud engulfs the centaur warrior but does no damage.
The centaur warrior is heavily wounded.
You hear a horrible gurgling sound!
The centaur warrior is engulfed in noxious fumes.
The centaur warrior shoots an arrow.
The arrow hits you!
* * * LOW HITPOINT WARNING * * *
The arrow freezes you.
* * * LOW HITPOINT WARNING * * *
Casting: Mephitic Cloud (safe; 1% risk of failure)
Confirm with . or Enter, or press ? or * to list all spells.
Aiming: Fireball (mildly dangerous; 1% risk of failure)
Press: ? - help, Shift-Dir - straight line, f/p - centaur warrior
Aim: a centaur warrior, wielding a +0 shortbow of freezing (noxious fumes, heavily wounded)
You feel a surge of power!
The fireball explodes!
The fireball engulfs the centaur warrior!!
The centaur warrior is almost dead.
The centaur warrior is engulfed in noxious fumes.
The centaur warrior shoots an arrow.
The arrow hits you!
You die...

.### ##...###(
.######........
...............
...............
.§§☼...........
.§c............
♣..@.......
♣.........#
♣..###.##.! ♣..
# ♣.. ♣.. ♣..
...


You could see a centaur warrior.

Vanquished Creatures
  A sphinx (shapeshifter) (D:14)
  Fannar (D:12)
  A rakshasa (D:13)
  A centaur warrior (D:9)
  A hydra (D:15)
  A boulder beetle (D:12)
  5 two-headed ogres
  A catoblepas (D:13)
  9 skeletal warriors
  A wizard (D:14)
  A sea snake (shapeshifter) (D:14)
  A deep elf pyromancer (D:13)
  A faun (shapeshifter) (D:14)
  A cyclops (shapeshifter) (D:14)
  4 cyclopes
  A manticore (D:9)
  2 ugly things
  An ice statue (D:10)
  2 gargoyles
  A kobold demonologist (D:13)
  3 freezing wraiths (D:14)
  A komodo dragon (D:12)
  6 ice devils (D:10)
  2 meliai (D:13)
  A merfolk (D:14)
  4 trolls
  A hornet (D:9)
  20 slime creatures
  2 wyverns
  2 vampires (D:12)
  2 wraiths (D:13)
  Eustachio (D:6)
  11 yaks
  3 steam dragons (D:9)
  6 vampire mosquitoes
  A warg (shapeshifter) (D:14)
  An acid dragon (D:9)
  2 water moccasins
  2 ice beasts
  5 orc warriors
  A black bear (D:4)
  2 ogres
  6 centaurs
  3 kobold brigands
  5 bullfrogs
  Blork the orc (D:6)
  2 scorpions
  A gnoll sergeant (D:8)
  15 killer bees
  An electric eel (D:11)
  5 howler monkeys
  A gnoll bouda (D:6)
  2 hounds
  3 jellies
  6 orc priests
  Crazy Yiuf (D:6)
  16 orc wizards
  3 iguanas
  9 gnolls
  5 adders
  9 ufetubi
  4 worms
  2 dart slugs
  39 orcs
  8 ball pythons
  A bat zombie (D:4)
  3 endoplasms
  2 giant cockroaches (D:3)
  8 goblins
  6 hobgoblins
  2 jackals (D:1)
  3 quokkas
  9 bats
  4 frilled lizards
  15 kobolds
  10 rats
  A rat zombie (D:4)
327 creatures vanquished.

Vanquished Creatures (collateral kills)
  A meliai (D:13)
  An ice beast (D:6)
  A hound (D:4)
3 creatures vanquished.

Vanquished Creatures (others)
  177 foxfires
177 creatures vanquished.

Grand Total: 507 creatures vanquished

Notes
Turn   | Place    | Note
-------+----------+-------------------------------------------
     0 | D:1      | pokeman the Deep Elf Hedge Wizard began the quest for the
                  | Orb.
     0 | D:1      | Reached XP level 1. HP: 10/10 MP: 7/7
   171 | D:1      | Found Qezxaina's General Store.
   434 | D:1      | Reached XP level 2. HP: 16/16 MP: 6/9
  1087 | D:2      | Reached skill level 5 in Spellcasting
  1363 | D:2      | Reached XP level 3. HP: 12/20 MP: 0/11
  1454 | D:2      | Found a faded altar of an unknown god.
  1459 | D:2      | Learned a level 3 spell: Mephitic Cloud
  1462 | D:2      | Learned a level 2 spell: Call Imp
  1465 | D:2      | Learned a level 2 spell: Blink
  1633 | D:2      | Found Zebrigug's Antique Armour Boutique.
  2144 | D:3      | Upgraded the game from 0.31-a0-180-g519b7de00c to
                  | 0.31-a0-182-gc5ef74bbde
  2211 | D:3      | Reached skill level 1 in Fighting
  2211 | D:3      | Reached skill level 1 in Armour
  2343 | D:3      | Found Siviat's Assorted Antiques.
  2350 | D:3      | Bought a scroll labelled NOSUAL EDDUM for 21 gold pieces
  2350 | D:3      | Bought a scroll labelled IZXAABR XIDWYM for 21 gold pieces
  2350 | D:3      | Bought a scroll labelled HIANNES XUDU for 21 gold pieces
  2350 | D:3      | Bought a scroll labelled YZYEGGA ISED for 21 gold pieces
  2411 | D:3      | Found a sparkling altar of Nemelex Xobeh.
  2795 | D:3      | Reached XP level 4. HP: 25/25 MP: 13/13
  3078 | D:3      | Noticed a scorpion
  3089 | D:3      | Killed a scorpion
  3090 | D:3      | Reached skill level 6 in Spellcasting
  3090 | D:3      | Reached XP level 5. HP: 29/29 MP: 15/15
  3471 | D:4      | Reached skill level 1 in Evocations
  3629 | D:4      | Reached XP level 6. HP: 31/34 MP: 17/17
  3687 | D:4      | Reached skill level 7 in Spellcasting
  3687 | D:4      | Reached skill level 1 in Air Magic
  3687 | D:4      | Reached skill level 1 in Poison Magic
  3693 | D:4      | Learned a level 5 spell: Iskenderun's Battlesphere
  3699 | D:4      | Learned a level 5 spell: Fireball
  3729 | D:4      | Found a hide-covered altar of Uskayaw.
  3748 | D:4      | Found a large runed translucent door.
  3748 | D:4      | Found a large runed translucent door.
  3775 | D:4      | Noticed zazu2006's ghost (amateur GnWn)
  3863 | D:4      | Found an ancient bone altar of Kikubaaqudgha.
  3933 | D:4      | You fall into a shaft and drop 3 floors!
  3984 | D:5      | Entered Level 5 of the Dungeon
  4690 | D:5      | Noticed a water moccasin
  4715 | D:5      | Killed a water moccasin
  4716 | D:5      | Reached skill level 1 in Fire Magic
  4716 | D:5      | Reached XP level 7. HP: 26/38 MP: 20/20
  4810 | D:5      | Reached skill level 8 in Spellcasting
  4960 | D:5      | Found a burning altar of Makhleb.
  5841 | D:6      | Reached skill level 9 in Spellcasting
  5841 | D:6      | Reached XP level 8. HP: 15/44 MP: 22/23
  5994 | D:6      | Noticed Eustachio
  6002 | D:6      | Noticed Blork the orc
  6015 | D:6      | Killed Eustachio
  6022 | D:6      | Killed Blork the orc
  6157 | D:6      | Found a runed translucent door.
  6158 | D:6      | Noticed Crazy Yiuf
  6287 | D:6      | HP: 2/44 [something (15)]
  6492 | D:6      | Reached skill level 5 in Conjurations
  6791 | D:6      | Reached skill level 10 in Spellcasting
  6988 | D:6      | Found a staircase to the Ecumenical Temple.
  6994 | Temple   | Entered the Ecumenical Temple
  6994 | Temple   | Found a transporter.
  6994 | Temple   | Found a transporter.
  6996 | Temple   | Found a transporter.
  6996 | Temple   | Found a transporter.
  7430 | D:6      | Found an ornate altar of the Wu Jian Council.
  7430 | D:6      | Found a radiant altar of Vehumet.
  7434 | D:6      | Became a worshipper of Vehumet
  7583 | D:6      | HP: 2/44 [Crazy Yiuf/+4 quarterstaff of chaos (4)]
  7584 | D:6      | Killed Crazy Yiuf
  7901 | D:7      | Reached XP level 9. HP: 35/48 MP: 25/25
  7966 | D:7      | Found a sacrificial altar of Ru.
  7966 | D:7      | Found a basalt altar of Yredelemnul.
  8052 | D:7      | Reached skill level 11 in Spellcasting
  8144 | D:7      | Found Jacisub's Antique Weapon Shoppe.
  8362 | D:7      | Reached skill level 5 in Fire Magic
  8469 | D:7      | Found a stormy altar of Qazlal.
  8757 | D:8      | Reached * piety under Vehumet
  8757 | D:8      | Offered knowledge of Foxfire by Vehumet.
  8760 | D:8      | Learned a level 1 spell: Foxfire
  9055 | D:8      | Reached skill level 12 in Spellcasting
  9139 | D:8      | Found a staircase to the Lair.
  9177 | D:8      | Got the Guidebook on the Kindled Syncline
  9185 | D:8      | Learned a level 6 spell: Leda's Unmaking
  9247 | D:8      | Reached skill level 1 in Earth Magic
  9254 | D:8      | Reached XP level 10. HP: 36/56 MP: 20/28
  9670 | D:9      | Noticed a manticore
  9682 | D:9      | Reached ** piety under Vehumet
  9692 | D:9      | Noticed a centaur warrior
  9702 | D:9      | Offered knowledge of Searing Ray by Vehumet.
  9704 | D:9      | Reached skill level 13 in Spellcasting
  9861 | D:9      | Killed a manticore
  9905 | D:9      | Killed a centaur warrior
 10167 | D:9      | Found an iron altar of Okawaru.
 10382 | D:9      | Found a staircase to the Orcish Mines.
 10480 | D:9      | Found Samniku's Magic Scroll Boutique.
 10483 | D:9      | Bought a scroll of teleportation for 42 gold pieces
 10483 | D:9      | Bought a scroll of noise for 14 gold pieces
 10483 | D:9      | Bought a scroll of identify for 28 gold pieces
 10483 | D:9      | Bought a scroll of blinking for 105 gold pieces
 10843 | D:1      | Bought a scroll of blinking for 75 gold pieces
 10843 | D:1      | Bought a potion of haste for 100 gold pieces
 10982 | D:10     | Entered Level 10 of the Dungeon
 11000 | D:10     | Noticed a two-headed ogre
 11006 | D:10     | Killed a two-headed ogre
 11007 | D:10     | Reached skill level 14 in Spellcasting
 11357 | D:10     | Offered knowledge of Stone Arrow by Vehumet.
 11360 | D:10     | Reached XP level 11. HP: 61/61 MP: 31/31
 11422 | D:10     | Reached *** piety under Vehumet
 11426 | D:10     | Reached skill level 5 in Dodging
 11852 | D:10     | Found a transporter.
 11868 | D:10     | Offered knowledge of Volatile Blastmotes by Vehumet.
 11907 | D:10     | Found a transporter.
 12021 | D:10     | Found a broken altar of Ashenzari.
 12194 | D:10     | Found a transporter.
 12229 | D:10     | Found a transporter.
 12561 | D:11     | Noticed a two-headed ogre
 12564 | D:11     | Killed a two-headed ogre
 12565 | D:11     | Reached skill level 1 in Shields
 12900 | D:11     | Reached skill level 5 in Earth Magic
 13286 | D:11     | Reached skill level 15 in Spellcasting
 13287 | D:11     | Reached **** piety under Vehumet
 13485 | D:11     | Noticed a two-headed ogre
 13488 | D:11     | Killed a two-headed ogre
 13576 | D:12     | Offered knowledge of Dazzling Flash by Vehumet.
 13607 | D:12     | Noticed a cyan ugly thing
 13745 | D:12     | Noticed a boulder beetle
 13801 | D:12     | Noticed Fannar
 13933 | D:12     | Noticed a two-headed ogre
 13935 | D:12     | Killed Fannar
 13939 | D:12     | Killed a two-headed ogre
 13940 | D:12     | Reached XP level 12. HP: 66/66 MP: 11/33
 14943 | D:12     | Killed a boulder beetle
 15921 | D:13     | Reached skill level 16 in Spellcasting
 15923 | D:13     | Noticed a two-headed ogre
 16320 | D:13     | Noticed a rakshasa
 16326 | D:13     | Killed a rakshasa
 16326 | D:13     | Reached ***** piety under Vehumet
 16358 | D:13     | Reached skill level 10 in Dodging
 16709 | D:13     | Noticed a catoblepas
 16733 | D:13     | Killed a catoblepas
 16733 | D:13     | Offered knowledge of Plasma Beam by Vehumet.
 16735 | D:13     | HP: 3/66 [deep elf pyromancer/bolt of fire (24)]
 16960 | D:13     | Killed a two-headed ogre
 16961 | D:13     | Reached skill level 10 in Conjurations
 17070 | D:13     | Identified the +1 scale mail of Greed {rPois rN+ Stlth+}
 17493 | D:14     | Reached XP level 13. HP: 52/70 MP: 18/35
 17501 | D:14     | Reached skill level 17 in Spellcasting
 18502 | D:14     | Noticed a sphinx
 18506 | D:14     | Killed a sphinx
 18674 | D:14     | Found a gate to the Vaults.
 18717 | D:15     | Entered Level 15 of the Dungeon
 18724 | D:15     | Shot with an arrow by a centaur warrior

Illustrated notes

Levels and vault maps discovered:
D:1:      sevenhm_arrival_forest_fort_small_3, layout_rooms, serial_shops, shop
D:2:      layout_loops_cross, serial_shops, nicolae_shop_pleasant_corner_grove,
          basic_ecumenical_altar
D:3:      layout_basic, mainiacjoe_overflow_alcove_1, serial_shops,
          nicolae_shop_overgrown_old_shop
D:4:      layout_loops_ring, lemuel_zombie_altar_kikubaaqudgha,
          nicolae_uskayaw_dance_hall, ebering_ghost_disaster_area
D:5:      layout_layer_cave, mainiacjoe_overflow_six_doors_small
D:6:      layout_layer_cave, gammafunk_temple_overflow_wave,
          minmay_temple_entry_fiery, uniq_crazy_yiuf_cottage, uniq_eustachio,
          uniq_blork_the_orc
D:7:      layout_basic, nicolae_qazlal_general_emergency,
          grunt_temple_overflow_open, serial_shops, nicolae_shop_statue_plus
D:8:      layout_cave_pools, dpeg_oklobed_lair
D:9:      layout_rooms, general_overflow_altar, orc_0_dummy, serial_shops,
          nicolae_shop_rolled_up, minmay_misc_feat_chi, nrook_uturn,
          minivault_19, minmay_mirror_moons_of_madness
D:10:     cheibrodos_frozen_isle, layout_loops_ring,
          mainiacjoe_overflow_cross_hatched, nicolae_transporter_circle
D:11:     nicolae_cairo_tiling_very_big, layout_basic
D:12:     layout_layer_cave, kennysheep_generic_room_15, uniq_fannar
D:13:     layout_roguey
D:14:     layout_roguey, david_vaults_2, roderic_serpentine_path,
          hangedman_fish_farm
D:15:     gammafunk_enter_depths_forms, layout_rooms, serial_park_paths
          [serial_park_minivault_5x5_7], gammafunk_ghost_tricky_traps
Temple:   hellmonk_temple_divided_pantheon

Skill      XL: |  1  2  3  4  5  6  7  8  9 10 11 12 13 |
---------------+----------------------------------------+-----
Spellcasting   | 5 6 7 9 10 12 14 15 16 17 | 17.5
Fighting       | 1 2 3 4 |  4.0
Armour         | 1 3 4 |  4.3
Conjurations   | 2 3 4 5 7 8 9 10 | 10.5
Stealth        | 3 |  3.0
Dodging        | 3 4 8 10 11 | 11.7
Evocations     | 1 |  1.0
Air Magic      | 1 |  1.1
Poison Magic   | 1 |  1.2
Fire Magic     | 1 2 4 6 7 8 9 |  9.9
Earth Magic    | 1 4 5 7 |  7.9
Shields        | 2 4 |  4.8
Summonings     | |  1.1
Translocations | |  1.1

Action                     |  1- 3 |  4- 6 |  7- 9 | 10-12 | 13-15 || total
---------------------------+-------+-------+-------+-------+-------++-------
  Melee: Short sword       |     2 |       |       |       |       ||     2
         Dagger            |       |    32 |   128 |    43 |       ||   203
         Punch             |       |       |     5 |     3 |       ||     8
   Cast: Magic Dart        |   127 |    90 |   131 |    17 |     1 ||   366
         Call Imp          |     1 |     1 |     4 |     1 |       ||     7
         Mephitic Cloud    |       |     8 |    28 |    17 |     1 ||    54
         Blink             |       |       |     1 |     8 |       ||     9
         Foxfire           |       |       |    47 |    58 |       ||   105
         Iskenderun's Batt |       |       |     3 |     3 |       ||     6
         Fireball          |       |       |     1 |   175 |    49 ||   225
         Leda's Unmaking   |       |       |       |     9 |       ||     9
    Use: Scroll            |       |       |       |    10 |       ||    10
         Potion            |       |       |       |     1 |       ||     1
   Stab: Confused          |       |     3 |    20 |     3 |       ||    26
         Distracted        |       |       |     1 |       |       ||     1
 Armour: Robe              |     6 |     8 |    16 |     1 |       ||    31
         Steam dragon scal |       |       |       |     6 |       ||     6
  Dodge: Dodged            |    14 |    23 |   107 |    50 |     3 ||   197

Table legend: (Time is in decaauts)
 A = Elapsed time spent in this place.
 B = Non-inter-level travel time spent in this place.
 C = Inter-level travel time spent in this place.
 D = Time resting spent in this place.
 E = Time spent auto-exploring this place.
 F = Levels seen in this place.
 G = Mean time per level.
                   A        B        C        D        E       F      G
               +--------+--------+--------+--------+--------+-----+--------+
         Total |  18740 |  17636 |   1104 |   1202 |  14142 |  16 | 1171.2 |
       Dungeon |  18664 |  17573 |   1091 |   1202 |  14137 |  15 | 1244.3 |
        Temple |     76 |     64 |     12 |      0 |      5 |   1 |   76.0 |
               +--------+--------+--------+--------+--------+-----+--------+

Top non-repeatable levels by time:
     D:6: 2093 daAuts
    D:12: 1817 daAuts
    D:11: 1527 daAuts
    D:10: 1506 daAuts
     D:5: 1481 daAuts
    D:14: 1402 daAuts
    D:13: 1286 daAuts
     D:2: 1249 daAuts
     D:9: 1178 daAuts
     D:3: 1125 daAuts
     D:7: 1031 daAuts
     D:4: 1031 daAuts
     D:1: 987 daAuts
     D:8: 939 daAuts
  Temple: 76 daAuts
